 Dungeon Crawl Stone Soup version 0.30-a0-568-g124715a40b (webtiles) character file.

Game seed: 12872324088690692770

3803 Twinkles the Grappler (level 9, -6/88 (89) HPs)
             Began as a Troll Fighter on Dec 28, 2022.
             Was an Initiate of the Shining One.
             Mangled by a two-headed ogre
             ... wielding a +0 giant spiked club
              (14 damage)
             ... on level 7 of the Dungeon on Dec 29, 2022.
             The game lasted 00:24:34 (6467 turns).

Twinkles the Grappler (Troll Fighter)               Turns: 6467, Time: 00:24:35

HP:   -6/88 (89)    AC:  7    Str: 30    XL:     9   Next: 96%
MP:   8/8           EV: 10    Int:  4    God:    the Shining One [......]
Gold: 454           SH:  8    Dex:  9    Spells: 8/8 levels left

rFire   . . .      SeeInvis .      - Unarmed
rCold   + . .      Faith    .    b - +0 kite shield
rNeg    . . .      Spirit   .    z - +2 robe {rC+}
rPois   .          Reflect  .    (helmet restricted)
rElec   .          Harm     .    r - +0 cloak
rCorr   .          Rampage  .    (gloves unavailable)
Will    .....                    (boots unavailable)
Stlth   +                        (no amulet)
HPRegen 1.14/turn                u - ring of flight
MPRegen 0.11/turn                (no ring)

@: flying, glowing, lightly drained
A: large, unfitting armour, claws 3, regeneration 1, shaggy fur 1, tough skin 1
a: Renounce Religion


You were on level 7 of the Dungeon.
You worshipped the Shining One.
The Shining One was noncommittal.
You visited 2 branches of the dungeon, and saw 9 of its levels.
You also visited: Sewer and Ossuary.

You collected 454 gold pieces.

Inventory:

Missiles
 o - a curare-tipped dart (quivered)
 C - 3 large rocks
Armour
 a - a +0 robe
 b - a +0 kite shield (worn)
 r - a +0 cloak (worn)
 z - a +2 robe of cold resistance (worn)
Jewellery
 u - a ring of flight (left claw)
Wands
 d - a wand of digging (6)
 h - a wand of acid (5)
 p - a wand of paralysis (5)
 q - a wand of flame (9)
 y - a wand of mindburst (12)
Scrolls
 e - a scroll of enchant weapon
 j - 2 scrolls of enchant armour {unknown}
 k - a scroll of poison {unknown}
 l - a scroll of summoning {unknown}
 m - 2 scrolls of blinking {unknown}
 n - 3 scrolls of noise {unknown}
 s - 2 scrolls of brand weapon {unknown}
 t - 2 scrolls of immolation {unknown}
 x - a scroll of fog {unknown}
 O - a scroll of silence
 Y - 4 scrolls of teleportation
 Z - 4 scrolls of identify
Potions
 c - a potion of resistance {unknown}
 f - 5 potions of degeneration
 g - a potion of attraction {unknown}
 i - a potion of invisibility {unknown}
 v - a potion of mutation {unknown}
 A - a potion of experience {unknown}
 B - 3 potions of brilliance
 G - 5 potions of ambrosia
 H - 2 potions of haste
 J - 5 potions of curing
 L - 9 potions of flight
 N - 4 potions of heal wounds


   Skills:
 + Level 5.9 Fighting
 * Level 0.0 Throwing
 + Level 5.9 Dodging
 + Level 6.5 Shields
 * Level 9.2 Unarmed Combat


You had 8 spell levels left.
You didn't know any spells.
Your spell library contained the following spells:

 Spells                   Type           Power      Damage    Failure   Level
 Sting                    Tmut/Pois      0%         1d3       77%         1
 Cigotuvi's Dreadful Rot  Necr/Pois/Air  0%         N/A       88%         2
 Poisonous Vapours        Pois/Air       0%         N/A       88%         2
 Mephitic Cloud           Conj/Pois/Air  0%         N/A       98%         3
 Olgreb's Toxic Radiance  Pois           0%         N/A       100%        4


Dungeon Overview and Level Annotations

Branches:
Dungeon (8/15) Zot: 26936  Temple (1/1) D:7 Zot: 5826   Sewer (visited)
Ossuary (visited)
   Lair: D:8-11

Altars:
Ashenzari
Cheibriados
Dithmenos
Elyvilon
Fedhas
Gozag
Hepliaklqana
Nemelex Xobeh
Okawaru
Qazlal
Ru
Trog
Uskayaw
Vehumet
Xom
Yredelemnul
Zin
The Shining One

Shops:
D:3 :

Annotations:
D:3 2 exclusions
D:7 3 runed translucent doors, BubbleThief's ghost, novice DsNe


Innate Abilities, Weirdness & Mutations

You are too large for most types of armour.
You have claws for hands.
Your natural rate of healing is unusually fast.
You are covered in fur. (AC +1)
You have tough skin. (AC +1)


Message History

You barely miss the two-headed ogre.
The two-headed ogre is moderately wounded.
An orc wizard comes into view. It is wielding a +0 dagger.
An orc priest comes into view. It is wielding a +0 morningstar.
You barely miss the two-headed ogre.
The two-headed ogre is moderately wounded.
The orc priest shouts!
The orc wizard shouts!
You hear a shout! x2
The two-headed ogre is no longer moving slowly.
The two-headed ogre hits you with a +0 giant spiked club!
The two-headed ogre hits you with a +0 giant club!
An orc warrior comes into view. It is wielding a +0 trident.
The orc wizard casts a spell at you.
You are confused.
The centaur unwields a +0 shortbow of flaming.
It stops flaming.
The centaur hits you but does no damage.
The centaur closely misses you.
The orc wizard shouts!
You hear a shout!
A mysterious force pulls you upwards. The hatch slams shut behind you.
Level annotation: 3 runed translucent doors, BubbleThief's ghost, novice DsNe You feel better.
The two-headed ogre hits you with a +0 giant spiked club!!
The two-headed ogre hits you with a +0 giant club!
* * * LOW HITPOINT WARNING * * *
You completely miss the two-headed ogre.
The two-headed ogre is moderately wounded.
The two-headed ogre hits you with a +0 giant spiked club!
* * * LOW HITPOINT WARNING * * *
You block the two-headed ogre's attack.
You claw the two-headed ogre!
The two-headed ogre is heavily wounded.
You barely miss the two-headed ogre.
The two-headed ogre is heavily wounded.
The two-headed ogre closely misses you.
The two-headed ogre hits you with a +0 giant club.
* * * LOW HITPOINT WARNING * * *
You claw the two-headed ogre!
The two-headed ogre is almost dead.
The two-headed ogre hits you with a +0 giant spiked club!
You die...

Z...##...........).....<......###
...(.#.......#................# #
...!##........................# #
.....#....#..#................#
.#.#.#....##.#................##
######....##..#........^.......##
..........###........##.....##..#
#........## ####O...###########..
.........## #@........# ###
..........# #.....<...# #
..........# #.........#
..........# #.........#
..........# #.........#
..........# ###########
#........## ##......## ########


You could see a two-headed ogre (very poisoned).

Vanquished Creatures
  Pikel (D:5)
  A wraith (Ossuary)
  Menkaure (D:5)
  2 water moccasins
  Duvessa (D:3)
  2 ice beasts (D:5)
  2 black bears (D:6)
  2 orc warriors (D:7)
  2 ogres
  A centaur (D:6)
  A phantom (D:6)
  Blork the orc (D:4)
  A bullfrog (D:7)
  3 kobold brigands
  2 scorpions
  A gnoll sergeant (D:6)
  2 necrophages
  Dowan (D:3)
  A howler monkey (D:3)
  2 jellies
  An orc priest (D:7)
  6 hounds
  Ijyb (D:4)
  7 iguanas
  12 orc wizards
  A mummy (Ossuary)
  3 gnolls
  13 adders
  4 river rats (Sewer)
  A white imp (D:6)
  An ufetubus (D:5)
  A worm (D:2)
  2 dart slugs
  22 orcs
  5 bats
  10 endoplasms
  2 giant cockroaches
  7 goblins
  9 hobgoblins
  9 jackals
  17 kobolds
  5 quokkas
  11 ball pythons
  5 frilled lizards
  6 gnoll skeletons (Ossuary)
  9 kobold skeletons (Ossuary)
  10 orc skeletons (Ossuary)
  10 rats
220 creatures vanquished.

Notes
Turn   | Place    | Note
-------+----------+-------------------------------------------
     0 | D:1      | Twinkles the Troll Fighter began the quest for the Orb.
     0 | D:1      | Reached XP level 1. HP: 22/22 MP: 0/0
   173 | D:1      | Reached XP level 2. HP: 29/29 MP: 1/1
   354 | D:1      | Reached XP level 3. HP: 36/36 MP: 2/2
   924 | D:2      | Found a glowing silver altar of Zin.
   968 | D:2      | Noticed a golden eye
  1006 | D:2      | Noticed a shining eye
  1009 | D:2      | Found a faded altar of an unknown god.
  1049 | D:2      | Noticed a shining eye
  1049 | D:2      | Noticed a shining eye
  1683 | D:3      | HP: 10/36 [orc/+0 club (5)]
  1687 | D:3      | Reached skill level 3 in Unarmed Combat
  1687 | D:3      | Reached XP level 4. HP: 7/44 MP: 3/3
  1690 | D:3      | HP: 10/44 [orc/+0 short sword (2)]
  1759 | D:3      | Reached XP level 5. HP: 50/53 MP: 4/4
  1848 | D:3      | Reached skill level 4 in Unarmed Combat
  1961 | D:3      | Found a glowing drain.
  1963 | D:3      | Reached XP level 6. HP: 61/61 MP: 5/5
  1971 | Sewer    | Entered a sewer
  2141 | Sewer    | Found a white marble altar of Elyvilon.
  2383 | D:3      | Found Sum Hoxo's Vocational Training.
  2611 | D:4      | Reached XP level 7. HP: 41/68 MP: 6/6
  2663 | D:4      | Noticed Blork the orc
  2672 | D:4      | Killed Blork the orc
  2673 | D:4      | Reached skill level 5 in Unarmed Combat
  2783 | D:4      | Noticed Ijyb
  2794 | D:4      | Killed Ijyb
  3179 | D:4      | Noticed Duvessa
  3179 | D:4      | Noticed Dowan
  3217 | D:3      | Killed Duvessa
  3253 | D:3      | Killed Dowan
  3350 | D:4      | Found a glowing silver altar of Zin.
  3499 | D:5      | Entered Level 5 of the Dungeon
  3545 | D:5      | Noticed Menkaure
  3551 | D:5      | HP: 20/67 [Menkaure (18)]
  3552 | D:5      | Killed Menkaure
  3553 | D:5      | Reached skill level 6 in Unarmed Combat
  3553 | D:5      | Reached XP level 8. HP: 24/79 MP: 7/7
  3759 | D:5      | Noticed Pikel
  3780 | D:5      | Paralysed by Pikel for 2 turns
  3783 | D:5      | Killed Pikel
  3784 | D:5      | Reached skill level 5 in Shields
  3784 | D:5      | Reached skill level 7 in Unarmed Combat
  4099 | D:5      | Found a hide-covered altar of Uskayaw.
  4099 | D:5      | Found a snail-covered altar of Cheibriados.
  4176 | D:5      | Reached skill level 5 in Fighting
  4282 | D:5      | Reached skill level 5 in Dodging
  4282 | D:5      | Reached XP level 9. HP: 80/88 MP: 8/8
  4688 | D:6      | Reached skill level 8 in Unarmed Combat
  5174 | D:6      | HP: 24/88 [poisoned by a water moccasin]
  5179 | D:6      | HP: 14/88 [poisoned by a water moccasin]
  5184 | D:6      | HP: 15/88 [poisoned by a water moccasin]
  5292 | D:7      | Found a sand-covered staircase.
  5307 | Ossuary  | Entered an ossuary
  5643 | D:7      | Found a runed translucent gate.
  5643 | D:7      | Found a runed translucent gate.
  5643 | D:7      | Found a runed translucent gate.
  5656 | D:7      | Noticed BubbleThief's ghost (novice DsNe)
  5741 | D:7      | Reached skill level 9 in Unarmed Combat
  5870 | D:7      | Found a staircase to the Ecumenical Temple.
  5879 | Temple   | Entered the Ecumenical Temple
  6038 | Temple   | Became a worshipper of the Shining One
  6110 | D:7      | Found an iron altar of Okawaru.
  6132 | D:7      | Found a blossoming altar of Fedhas.
  6405 | D:8      | Noticed a two-headed ogre
  6463 | D:7      | HP: 25/88 [two-headed ogre/+0 giant spiked club (15)]
  6464 | D:7      | HP: 11/88 [two-headed ogre/+0 giant spiked club (15)]
  6467 | D:7      | Mangled by a two-headed ogre

Illustrated notes

Levels and vault maps discovered:
D:1:      denvon_arrival_planthouse, layout_loops_ring
D:2:      layout_basic, basic_altar, hellmonk_ecumenical_altar_watching_god
D:3:      layout_basic, portal_sewer_entry_d, hangedman_glass_teeth,
          minmay_crystal_water, minmay_misc_feat_doors, nicolae_shop_vocational
D:4:      layout_cave_pools, zin_scriptorium, uniq_ijyb, uniq_duvessa,
          uniq_blork_the_orc
D:5:      nicolae_cairo_tiling, layout_loops_ring,
          nicolae_overflow_two_pavilions, hangedman_decor_points, minivault_24,
          item_on_display_a, uniq_pikel, uniq_menkaure
D:6:      layout_basic
D:7:      layout_rooms, mainiacjoe_overflow_six_doors_small, okawaru_gym_becter,
          temple_hall, gammafunk_ghost_necromancy, enter_ossuary_1
D:8:      layout_rooms, lair_entry_dummy
Temple:   hellmonk_temple_forest_ring

Skill      XL: |  1  2  3  4  5  6  7  8  9 |
---------------+----------------------------+-----
Shields        | 3 4 5 6 |  6.5
Unarmed Combat | 3 4 6 7 9 |  9.2
Fighting       | 3 4 5 |  5.9
Dodging        | 3 4 5 |  5.9

Action                   |  1- 3 |  4- 6 |  7- 9 || total
-------------------------+-------+-------+-------++-------
Melee: Unarmed           |   127 |   152 |   355 ||   634
Throw: Dart              |       |       |     4 ||     4
  Use: Potion            |       |     1 |     1 ||     2
       Scroll            |       |       |     6 ||     6
 Stab: Sleeping          |     1 |       |     1 ||     2
Armor: Robe              |    32 |    39 |    83 ||   154
Dodge: Dodged            |    30 |    84 |   116 ||   230
Block: Kite shield       |    55 |    71 |   121 ||   247

Table legend: (Time is in decaauts)
 A = Elapsed time spent in this place.
 B = Non-inter-level travel time spent in this place.
 C = Inter-level travel time spent in this place.
 D = Time resting spent in this place.
 E = Time spent auto-exploring this place.
 F = Levels seen in this place.
 G = Mean time per level.
                   A        B        C        D        E       F      G
               +--------+--------+--------+--------+--------+-----+--------+
         Total |   6499 |   6005 |    494 |    353 |   4034 |  11 |  590.8 |
       Dungeon |   5786 |   5321 |    465 |    353 |   3663 |   8 |  723.2 |
        Temple |    173 |    144 |     29 |      0 |    133 |   1 |  173.0 |
         Sewer |    262 |    262 |      0 |      0 |    131 |   1 |  262.0 |
       Ossuary |    276 |    276 |      0 |      0 |    107 |   1 |  276.0 |
               +--------+--------+--------+--------+--------+-----+--------+

Top non-repeatable levels by time:
     D:3: 997 daAuts
     D:5: 946 daAuts
     D:1: 836 daAuts
     D:6: 832 daAuts
     D:2: 730 daAuts
     D:7: 707 daAuts
     D:4: 696 daAuts
 Ossuary: 276 daAuts
   Sewer: 262 daAuts
  Temple: 173 daAuts
     D:8: 39 daAuts
